 Dungeon Crawl Stone Soup version 0.30.1-9-gdf580d7c3d (webtiles) character file.

Game seed: 11460364713321696454

59 Chiseanne the Ducker (level 3, -3/40 HPs)
             Began as a Demonspawn Wanderer on Oct 14, 2023.
             Slain by an ogre
             ... wielding a +0 giant club
              (18 damage)
             ... on level 3 of the Dungeon.
             The game lasted 00:02:19 (1155 turns).

Chiseanne the Ducker (Demonspawn Wanderer)          Turns: 1155, Time: 00:02:19

Health: -3/40      AC:  6    Str: 14    XL:     3   Next: 78%
Magic:  3/3        EV: 16    Int: 11    God:
Gold:   41         SH:  0    Dex: 14    Spells: 2/2 levels left

rFire   . . .        a - +0 quarterstaff
rCold   . . .        (shield currently unavailable)
rNeg    . . .        m - +0 ring mail
rPois   .            n - +0 helmet
rElec   .            (no cloak)
rCorr   .            (no gloves)
SInv    .            (no boots)
Will    .....        (no amulet) Stlth
                     (no ring)
HPRegen 0.26/turn    (no ring)
MPRegen 0.08/turn

%: no passive effects
@: agile, berserking, very quick
A: powered by pain 1
a: no special abilities


You were on level 3 of the Dungeon.
You visited 1 branch of the dungeon, and saw 3 of its levels.

You collected 41 gold pieces.

Inventory:

Hand Weapons
 a - a +0 quarterstaff (weapon)
Missiles
 b - 4 throwing nets (quivered)
 i - 2 poisoned darts
 k - 8 stones
Armour
 m - a +0 ring mail (worn)
 n - a +0 helmet (worn)
Jewellery
 o - a ring of wizardry
Wands
 d - a wand of polymorph (5)
Scrolls
 q - a scroll of vulnerability {unknown}
 r - a scroll of amnesia {unknown}
Potions
 c - a potion of invisibility {unknown}
 e - 2 potions of curing
 f - a potion of cancellation {unknown}
 g - a potion of haste {unknown}
 h - a potion of brilliance {unknown}
 j - a potion of berserk rage
 l - 2 potions of lignification {unknown}
 p - a potion of flight {unknown}


   Skills:
 * Level 2.2 Fighting
 - Level 2.6 Staves
 * Level 1.6 Armour
 * Level 3.3 Dodging
 - Level 1.2 Invocations
 - Level 2.0 Evocations


You had 2 spell levels left.
You didn't know any spells.
Your spell library contained the following spells:

 Spells                   Type           Power      Damage    Failure   Level
 Necrotise                Necr           0%         1d4       58%         1
 Sandblast                Erth           0%         2d4       58%         1
 Ignite Poison            Fire/Tmut/Pois 0%         N/A       91%         3
 Vampiric Draining        Necr           0%         2d6       91%         3
 Vhi's Electric Charge    Tloc/Air       0%         N/A       91%         3
 Animate Dead             Necr           0%         N/A       100%        4
 Sticky Flame             Conj/Fire      0%         2d3       100%        4
 Arcjolt                  Conj/Air       0%         1d10      100%        5
 Plasma Beam              Fire/Air       0%         2x1d11    100%        6
 Ignition                 Fire           0%         3d3       100%        8


Dungeon Overview and Level Annotations

Branches:
Dungeon (3/15)

Altars:


Innate Abilities, Weirdness & Mutations

You sometimes gain a little power by taking damage.


Message History

The ball python bites you. The ball python closely misses you.
The ball python attacks as you move away!
The ball python bites you but does no damage.
The ball python barely misses you.
The ball python attacks as you move away!
The ball python bites you but does no damage.
The ball python attacks as you move away!
The ball python barely misses you. x2; The ball python bites you.
The ball python grabs you. The ball python constricts you.
You escape the ball python's grasp.
The ball python attacks as you move away!
The ball python barely misses you.
The ball python attacks as you move away!
The ball python barely misses you. The ball python barely misses you.
The ball python grabs you. The ball python constricts you.
You escape the ball python's grasp.
There is an escape hatch in the floor here.
The ball python closely misses you. The ball python grabs you.
You stop descending the stairs.
The ball python constricts you.
You escape the ball python's grasp.
The ball python closely misses you. The ball python grabs you.
You stop descending the stairs.
The ball python constricts you.
You hit the ball python.
You kill the ball python!
The ogre barely misses you.
You slide downwards.
The hatch slams shut behind you.
Okay, then.
A red film seems to cover your vision as you go berserk!
You feel yourself moving faster!
You feel mighty!
The ogre hits you with a +0 giant club!!
Ouch! That really hurt!
You focus on the pain.
You feel agile all of a sudden.
You hit the ogre.
The ogre is moderately wounded.
You sock the ogre!
The ogre is heavily wounded.
The ogre hits you with a +0 giant club!!
You die...

## #. #.#
.. #. ##
#.#O##
#@..#
##.......
..#####
.## ##


You could see an ogre.

Vanquished Creatures
  Robin (D:1)
  A dart slug (D:1)
  3 endoplasms (D:1)
  A giant cockroach (D:2)
  10 goblins
  5 hobgoblins
  3 jackals (D:1)
  2 kobolds (D:1)
  A quokka (D:1)
  6 ball pythons
  3 bats (D:1)
  2 frilled lizards (D:1)
  2 rats (D:1)
40 creatures vanquished.

Notes
Turn   | Place    | Note
-------+----------+-------------------------------------------
     0 | D:1      | Chiseanne the Demonspawn Wanderer began the quest for the
                  | Orb.
     0 | D:1      | Chiseanne set off with the following items: a +0
                  | quarterstaff, 4 throwing nets, a +0 leather armour, a wand
                  | of polymorph (5), a potion of curing.
     0 | D:1      | Reached XP level 1. HP: 15/15 MP: 1/1
   167 | D:1      | Gained mutation: You sometimes gain a little power by
                  | taking damage. [demonic ancestry]
   167 | D:1      | Reached XP level 2. HP: 10/21 MP: 2/2
   348 | D:1      | Found a faded altar of an unknown god.
   352 | D:1      | Reached skill level 1 in Armour
   352 | D:1      | Reached skill level 3 in Dodging
   646 | D:1      | Got the Omnibus of Wyrd
   751 | D:1      | Reached XP level 3. HP: 27/27 MP: 3/3
   910 | D:2      | Noticed Robin
   984 | D:1      | Killed Robin
  1129 | D:2      | Noticed an ogre
  1155 | D:3      | Slain by an ogre

Illustrated notes

Levels and vault maps discovered:
D:1:      tekkud_arrival_beachfront_property, layout_basic,
          basic_ecumenical_altar, minmay_tromino_v4_b
D:2:      layout_rooms, grunt_ministairs_6, minmay_misc_feat_nine_boxes,
          nicolae_titane, uniq_robin
D:3:      layout_loops_corners

Skill      XL: |  1  2  3 |
---------------+----------+-----
Armour         | 1 |  1.6
Dodging        | 3 |  3.3
Fighting       | 2 |  2.2
Staves         | |  2.6
Invocations    | |  1.2
Evocations     | |  2.0

Action                     || total
---------------------------++-------
  Melee: Quarterstaff      ||   103
    Use: Scroll            ||     2
         Potion            ||     1
 Armour: Leather armour    ||    17
         Ring mail         ||    40
  Dodge: Dodged            ||    86
